AoeStats
← Michi3052

Arena

508575042Analyzed
1v1 RM · 9d ago on Sep 23, 2026· 42m 58s· 2 players
Game mode
Random Map
Map size
Tiny (2 player)
Population
200
Speed
Normal
Resources
Standard
Victory
Conquest
Starting age
Dark Age
Ending age
Imperial Age
RankedLock teamsTeams togetherTeam positionsShared explorationLock speedFull tech treeHidden civsTurbo modeCheats
Victory
Defeat
🇪🇸 Turks · Spain
701
+16
🇦🇷 Dravidians · Argentina
693
-16
mauriev
0:28 Loom
12:19 Feudal Age
16:54 Castle Age
15:45 Double-Bit Axe
15:41 Horse Collar
15:55 Gold Mining
15:58 Stone Mining
20:18 Pikeman
21:56 Elite Skirmisher
30:56 Medical Corps
32:06 Thumb Ring
36:00 Imperial Age
Michi3052
12:35 Feudal Age
17:37 Castle Age
16:47 Horse Collar
16:57 Double-Bit Axe
25:38 Imperial Age
23:41 Gold Mining
26:55 Fletching
27:06 Padded Archer Armor
29:05 Wheelbarrow
29:19 Gold Shaft Mining
32:18 Bodkin Arrow
35:33 Bracer
Connection lost

Rejoining the realm…

Still unreachable

The connection could not be restored.

Session expired

The server has moved on; the page needs a fresh start.